 Dungeon Crawl Stone Soup version 0.22-a0-558-gc2241811a9 (webtiles) character file.

56 Hercules1031 the Skirmisher (level 3, -6/29 HPs)
             Began as a Demonspawn Fighter on June 27, 2018.
             Killed by divine providence
             ... invoked by an orc priest
              (14 damage)
             ... on level 3 of the Dungeon.
             The game lasted 00:04:57 (1659 turns).

Hercules1031 the Skirmisher (Demonspawn Fighter)    Turns: 1659, Time: 00:04:58

Health: -6/29      AC:  6    Str: 15 (17) XL:     3   Next: 71%
Magic:  3/3        EV:  7    Int:  7 (9)  God:
Gold:   115        SH:  8    Dex:  9 (12) Spells: 2/2 levels left

rFire    . . .     SeeInvis .   a - +0 long sword
rCold    . . .     Gourm    .   c - +0 shield
rNeg     . . .     Faith    .   b - +0 scale mail
rPois    .         Spirit   .   (helmet restricted)
rElec    .         Reflect  .   (no cloak)
rCorr    .         Harm     .   (no gloves)
MR       .....                  (no boots)
Stlth    ..........             (no amulet)
HPRegen  0.09/turn              (no ring)
MPRegen  0.08/turn              (no ring)

@: lethally poisoned (-6 -> -7)
A: horns 1
a: no special abilities


You were on level 3 of the Dungeon.
You were full.

You visited 1 branch of the dungeon, and saw 3 of its levels.

You collected 115 gold pieces.

Inventory:

Hand Weapons
 a - a +0 long sword (weapon)
Armour
 b - a +0 scale mail (worn)
 c - a +0 shield (worn)
Scrolls
 e - 3 scrolls of remove curse {unknown}
 g - 2 scrolls of teleportation {unknown}
 j - 3 scrolls of magic mapping {unknown}
 k - 2 scrolls of identify {unknown}
 l - a scroll of amnesia {unknown}
Potions
 d - a potion of might
 h - a potion of haste {unknown}
 i - a potion of brilliance
 m - a potion of berserk rage {unknown}
Comestibles
 f - 4 rations


   Skills:
 + Level 3.3 Fighting
 * Level 2.6 Long Blades
 + Level 3.0 Armour
 + Level 0.9 Dodging
 + Level 3.0 Shields


You had 2 spell levels left.
You didn't know any spells.
Your spell library was empty.

Dungeon Overview and Level Annotations

Branches:
Dungeon (3/15)

Altars:
Beogh


Innate Abilities, Weirdness & Mutations

You have a pair of small horns on your head.


Message History

You feel sick.
The orc wizard mumbles some strange words.
The orc wizard blinks!
The orc priest invokes the aid of Beogh against you.
Pain shoots through your body!
There is an open door here.
The orc wizard hits you but does no damage.
You barely miss the orc priest. The orc hits you.
The orc wizard gestures at you while chanting.
You resist with significant effort. You block the orc priest's attack.
The orc hits you but does no damage. The orc barely misses you.
You riposte.
You hit the orc.
The orc is moderately wounded.
The orc wizard hits you with a dagger.
* * * LOW HITPOINT WARNING * * *
The orc priest calls upon Beogh to heal the orc.
The orc's wounds heal themselves!
The orc priest invokes the aid of Beogh against you.
Beogh smites you!
You die...

..# ##### #.#......
#################.#......
..................'.....>
######..########.#......
#.[......#### #..#.....
#.###..###$..##..# ####
#.# #...#$8$8o#..# #.#
#...#_.oo@o..# ####.#
#...#$8.8o##.# ..##.#
#...##.$.## .# #.##.#
#..###### ## #..#.# ...
.)...### (......#
.......# .......#


You could see 2 orc priests, an orc wizard and 2 orcs.

Vanquished Creatures
  An adder (D:3)
  A worm (D:2)
  2 dart slugs (D:1)
  2 leopard geckos
  2 bats (D:2)
  2 giant cockroaches
  9 goblins
  3 hobgoblins
  4 jackals (D:1)
  A quokka (D:2)
  2 frilled lizards
  A kobold (D:2)
  4 rats
34 creatures vanquished.

Notes
Turn   | Place    | Note
-------+----------+-------------------------------------------
     0 | D:1      | Hercules1031 the Demonspawn Fighter began the quest for the Orb.
     0 | D:1      | Reached XP level 1. HP: 18/18 MP: 1/1
   332 | D:1      | Gained mutation: You have a pair of small horns on your head. [demonic ancestry]
   332 | D:1      | Reached XP level 2. HP: 24/24 MP: 2/2
   836 | D:2      | Reached XP level 3. HP: 29/29 MP: 3/3
  1656 | D:3      | Found a roughly hewn altar of Beogh.
  1659 | D:3      | Killed from afar by an orc priest

Vault maps used:
D:1:      erik_arrival_blinker_ship, minmay_statues_item
D:2:      first_ration
D:3:      minmay_goblin_kobold_castle, lemuel_round_altar,
          gup_sewer_entry_spiral, kennysheep_orc_chapel, uniq_jessica

Skill      XL: |  1  2  3 |
---------------+----------+-----
Long Blades    | 2 |  2.6
Armour         | 3 |  3.0
Shields        | 3 |  3.0
Fighting       | |  3.3
Dodging        | |  0.9

Action                   || total
-------------------------++-------
Melee: Long sword        ||   122
       Headbutt          ||    14
  Use: Potion            ||     4
  Eat: Ration            ||     2
Armor: Scale mail        ||    65
Dodge: Dodged            ||    51
Block: Shield            ||    78
       Rpst.: Long sword ||    19

Table legend:
 A = Spawn XP
 B = Non-spawn XP
 C = Spawn XP percentage of total XP
 D = Spawn monster count
 E = Non-spawn monster count
 F = Spawn count percentage of total count
 G = Total turns spent on level
                    A         B        C        D         E        F      G
               +---------+---------+-------+---------+---------+-------+---------
         Total |       0 |      81 |   0.0 |       0 |      34 |   0.0 |  1659
               +---------+---------+-------+---------+---------+-------+---------
           D:1 |       0 |      38 |   0.0 |       0 |      19 |   0.0 |   736
           D:2 |       0 |      23 |   0.0 |       0 |      11 |   0.0 |   860
           D:3 |       0 |      20 |   0.0 |       0 |       4 |   0.0 |    63
               +---------+---------+-------+---------+---------+-------+---------
